 Dungeon Crawl Stone Soup version 0.30.1-11-g7821555f0a (webtiles) character file.

Game seed: 12972646201160291637

63 Kallu the Ruffian (level 4, 0/40 HPs)
             Began as a Ghoul Monk on Dec 27, 2023.
             Slain by a gnoll
             ... wielding a +2 whip of freezing
              (1 damage)
             ... on level 2 of the Dungeon.
             The game lasted 00:01:47 (1181 turns).

Kallu the Ruffian (Ghoul Monk)                      Turns: 1181, Time: 00:01:48

Health: 0/40       AC:  2    Str: 16    XL:     4   Next: 10%
Magic:  3/3        EV: 12    Int:  5    God:
Gold:   53         SH:  0    Dex: 11    Spells: 3/3 levels left

rFire   . .          .
                       - Unarmed
rCold   + . .        c - orb {light}
rNeg    + + +        a - +0 robe
rPois   ∞            (no helmet)
rElec   .            (no cloak)
rCorr   .            (no gloves)
SInv    .            (no boots)
Will    .....        (no amulet)
Stlth   +            (no ring)
HPRegen 0.00/turn    (no ring)
MPRegen 0.08/turn

%: no passive effects
@: inhibited regen, glowing
A: claws 1, cold resistance 1, negative energy resistance 3, inhibited
regeneration, torment resistance 2, devour on kill
a: no special abilities


You were on level 2 of the Dungeon.
You visited 1 branch of the dungeon, and saw 2 of its levels.

You collected 53 gold pieces.

Inventory:

Armour
 a - a +0 robe (worn)
 c - an orb of light (worn)
Scrolls
 e - a scroll of immolation {unknown}
 f - a scroll of enchant weapon {unknown}
 h - a scroll of identify {unknown}
 i - a scroll of magic mapping {unknown}
 j - a scroll of fog {unknown}
Potions
 b - a potion of ambrosia
 d - a potion of magic {unknown}
 g - a potion of flight {unknown}
 k - a potion of haste {unknown}
 l - a potion of lignification {unknown}


   Skills:
 + Level 4.0 Fighting
 - Level 2.6 Dodging
 * Level 4.8 Unarmed Combat


You had 3 spell levels left.
You didn't know any spells.
Your spell library was empty.

Dungeon Overview and Level Annotations

Branches:
Dungeon (2/15)

Altars:

Shops:
D:1 [


Innate Abilities, Weirdness & Mutations

You are immune to poison.
You have sharp fingernails.
Your flesh is cold resistant. (rC+)
You are immune to negative energy. (rN+++)
You do not regenerate when monsters are visible.
You are immune to unholy pain and torment.
You thrive by killing the living.


Message History

The hobgoblin completely misses you.
You claw the hobgoblin!
You kill the hobgoblin!
No target in view!
No target in view!
Found a club.
l - a coppery potion You see here a +0 club. 3 gnolls come into view.
A gnoll is wielding a +2 whip of freezing.
The gnoll shouts! x2
The gnoll moves out of view.
You claw the gnoll!
The gnoll is almost dead.
The gnoll barely misses you.
You scratch the gnoll.
You kill the gnoll!
Your Fighting skill increases to level 4!
You barely miss the gnoll. You scratch the gnoll but do no damage.
The gnoll hits you with a +0 whip!
You scratch the gnoll but do no damage.
The gnoll hits you with a +2 whip of freezing.
The gnoll misses you.
You scratch the gnoll.
The gnoll is moderately wounded.
The gnoll hits you with a +0 whip! The gnoll barely misses you.
The gnoll attacks as you move away! The gnoll barely misses you.
You claw the gnoll!
The gnoll is severely wounded.
The gnoll hits you with a +0 whip.
* * * LOW HITPOINT WARNING * * *
You claw the gnoll!
You kill the gnoll!
You have reached level 4!
You scratch the gnoll but do no damage.
The gnoll is moderately wounded.
The gnoll hits you with a +2 whip of freezing!
* * * LOW HITPOINT WARNING * * *
The gnoll freezes you.
You die...

........# ###
##...#### ..#
#.....## ## #.#
.......## ##.##.#
........####...#.#
........+......).#
........# #.#
.......## #g#
#.....## #@#
##...## #.# ##+##
#.# #.# #.# #.#
#.# ##.## #.#
##...### #.#
#......# #.#
##.###.# #.#


You could see a gnoll.

Vanquished Creatures
  2 gnolls (D:2)
  4 dart slugs
  An endoplasm (D:1)
  2 giant cockroaches
  3 goblins
  3 hobgoblins
  3 jackals (D:1)
  3 quokkas
  5 ball pythons
  3 frilled lizards (D:1)
  4 kobolds (D:1)
  3 rats (D:1)
36 creatures vanquished.

Notes
Turn   | Place    | Note
-------+----------+-------------------------------------------
     0 | D:1      | Kallu the Ghoul Monk began the quest for the Orb.
     0 | D:1      | Reached XP level 1. HP: 19/19 MP: 0/0
    22 | D:1      | Found Laemegalua's Antique Armour Emporium.
   111 | D:1      | Reached XP level 2. HP: 10/26 MP: 1/1
   425 | D:1      | Reached XP level 3. HP: 24/33 MP: 2/2
  1181 | D:2      | Reached XP level 4. HP: 9/40 MP: 3/3
  1181 | D:2      | HP: 1/40 [gnoll/+2 whip of freezing (8)]
  1181 | D:2      | Slain by a gnoll

Illustrated notes

Levels and vault maps discovered:
D:1:      nicolae_arrival_memento_mori, layout_basic, serial_shops,
          nicolae_shop_crystal, corexii_corridor_pit
D:2:      layout_loops_corners

Skill      XL: |  1  2  3 |
---------------+----------+-----
Unarmed Combat | 4 |  4.8
Fighting       | 4 |  4.0
Dodging        | |  2.6

Action                     |  1- 3 |  4- 6 || total
---------------------------+-------+-------++-------
  Melee: Unarmed           |    88 |     1 ||    89
 Armour: Robe              |    18 |       ||    18
  Dodge: Dodged            |    61 |       ||    61
